AoeStats
← ITA | Raffy

QS Arena

503478017Analyzed
4v4 RM · 1mo ago on Aug 31, 2026· 64m 37s· 8 players
Game mode
Random Map
Map size
Large (8 player)
Population
200
Speed
Normal
Resources
Standard
Victory
Conquest
Starting age
Dark Age
Ending age
Imperial Age
RankedLock teamsTeams togetherTeam positionsShared explorationLock speedFull tech treeHidden civsTurbo modeCheats
Victory
Defeat
🇩🇪 Aztecs · Germany
1368
+21
🇫🇷 Mongols · France
1362
+21
🇵🇪 Italians · Peru
1342
+22
🇦🇷 Chinese · Argentina
1519
-21
1513
-21
🇨🇴 Celts · Colombia
1475
-19
🇮🇹 Slavs · Italy
1406
-16
ITA | CivettaAviotrasportata
7:56 Feudal Age
6:59 Loom
11:51 Castle Age
23:56 Imperial Age
23:12 Double-Bit Axe
23:50 Gold Mining
25:21 Bow Saw
26:26 Town Watch
27:18 Wheelbarrow
27:31 Conscription
28:57 Murder Holes
30:04 Chemistry
32:59 Fortified Wall
39:39 Hand Cart
40:33 Padded Archer Armor
41:31 Leather Archer Armor
42:19 Arquebus
45:32 Siege Engineers
47:11 Ballistics
56:53 Husbandry
56:13 Light Cavalry
57:00 Scale Barding Armor
57:40 Elite Skirmisher
58:31 Elite Skirmisher
59:36 Bombard Tower
59:35 Thumb Ring
60:33 Fletching
61:09 Forging
62:16 Horse Collar
Chigüiro
8:54 Feudal Age
12:58 Castle Age
10:53 Horse Collar
11:19 Double-Bit Axe
17:44 Forging
19:38 Town Watch
21:09 Stone Mining
21:11 Gold Mining
22:37 Bow Saw
22:44 Pikeman
26:36 Imperial Age
24:06 Loom
25:03 Scale Mail Armor
25:14 Arson
27:00 Chain Mail Armor
27:31 Onager
27:31 Onager
29:17 Wheelbarrow
29:43 Siege Engineers
30:05 Halberdier
32:42 Chemistry
33:22 Plate Mail Armor
33:20 Siege Onager
33:58 Fletching
35:07 Stronghold
35:39 Conscription
36:51 Man-at-Arms
37:16 Gambesons
38:12 Iron Casting
38:05 Long Swordsman
43:00 Caravan
43:11 Guilds
45:15 Fortified Wall
45:32 Town Patrol
44:57 Two-Handed Swordsman
50:33 Heavy Plow
52:09 Furor Celtica
55:22 Capped Ram
Ministro ChocoArroz
0:33 Loom
8:06 Feudal Age
13:29 Castle Age
11:48 Double-Bit Axe
12:09 Horse Collar
13:52 Wheelbarrow
14:53 Bow Saw
14:45 Heavy Plow
15:09 Gold Mining
21:38 Hand Cart
25:32 Imperial Age
23:02 Fletching
23:23 Padded Archer Armor
23:34 Stone Mining
24:22 Gold Shaft Mining
23:59 Bodkin Arrow
24:54 Ballistics
24:52 Leather Archer Armor
26:21 Bracer
27:24 Chemistry
26:56 Conscription
27:23 Thumb Ring
27:28 Town Watch
27:36 Elite Chu Ko Nu
28:53 Conscription
29:30 Heavy Scorpion
30:59 Masonry
30:25 Elite Fire Lancer
31:05 Squires
31:37 Ring Archer Armor
31:09 Scale Mail Armor
31:19 Forging
33:17 Chain Mail Armor
37:54 Rocketry
42:05 Architecture
48:34 Caravan
51:10 Great Wall
51:51 Elite Skirmisher
ITA | Raffy
8:05 Feudal Age
12:27 Castle Age
11:00 Double-Bit Axe
11:19 Horse Collar
13:28 Bow Saw
14:12 Light Cavalry
17:37 Wheelbarrow
20:05 Gold Mining
20:06 Stone Mining
20:38 Hand Cart
22:34 Heavy Plow
22:41 Loom
26:08 Imperial Age
23:58 Pikeman
24:39 Squires
24:48 Scale Mail Armor
24:59 Forging
26:34 Chain Mail Armor
26:55 Iron Casting
26:13 Halberdier
27:47 Plate Mail Armor
28:10 Druzhina
28:01 Man-at-Arms
29:57 Blast Furnace
29:41 Crop Rotation
28:57 Long Swordsman
29:31 Two-Handed Swordsman
30:18 Champion
32:20 Conscription
31:59 Heavy Scorpion
34:29 Two-Man Saw
34:33 Ballistics
34:30 Siege Engineers
42:01 Gold Shaft Mining
41:29 Capped Ram
43:45 Siege Ram
45:24 Fortified Wall
46:16 Chemistry
45:34 Bloodlines
45:25 Husbandry
44:52 Elite Boyar
48:34 Detinets
50:12 Elite Boyar
51:35 Scale Barding Armor
52:57 Chain Barding Armor
60:35 Hoardings
我是软脚虾,求求你不要伤害我
7:30 Feudal Age
10:30 Castle Age
8:49 Double-Bit Axe
9:04 Horse Collar
17:22 Bow Saw
18:50 Heavy Plow
19:58 Gold Mining
19:58 Stone Mining
21:39 Wheelbarrow
24:59 Imperial Age
22:19 Loom
22:20 Town Watch
23:34 Hand Cart
23:53 Ballistics
23:42 Scale Barding Armor
24:47 Gold Shaft Mining
24:48 Stone Shaft Mining
24:51 Chain Barding Armor
24:33 Husbandry
24:43 Bloodlines
26:37 Plate Barding Armor
26:22 Siege Engineers
27:02 Crop Rotation
27:02 Conscription
26:13 Light Cavalry
27:07 Forging
28:17 Chemistry
27:28 Masonry
27:58 Double Crossbow
28:35 Elite Ballista Elephant
30:07 Iron Casting
29:00 Hussar
32:05 Blast Furnace
30:56 Fletching
33:46 Hoardings
44:24 Caravan
The REAL Pepsiman
8:09 Feudal Age
12:15 Castle Age
10:14 Double-Bit Axe
14:30 Fletching
18:22 Padded Archer Armor
19:03 Bodkin Arrow
20:28 Gold Mining
23:00 Wheelbarrow
22:59 Bloodlines
28:21 Imperial Age
27:52 Leather Archer Armor
31:26 Conscription
33:01 Bracer
33:23 Ballistics
36:27 Chemistry
37:47 Onager
39:36 Parthian Tactics
40:58 Drill
46:35 Siege Engineers
50:04 Gold Shaft Mining
53:11 Bow Saw
55:38 Scale Barding Armor
55:45 Forging
56:17 Horse Collar
56:02 Light Cavalry
56:43 Husbandry
59:59 Iron Casting
60:03 Capped Ram
61:09 Siege Ram
Osayi.
8:04 Feudal Age
11:42 Castle Age
12:26 Double-Bit Axe
15:29 Squires
18:20 Wheelbarrow
17:53 Horse Collar
18:31 Bow Saw
20:48 Gold Mining
22:04 Hand Cart
23:49 Gold Shaft Mining
22:51 Eagle Warrior
23:37 Scale Mail Armor
23:50 Forging
28:14 Imperial Age
25:30 Loom
26:04 Chain Mail Armor
26:24 Iron Casting
28:18 Elite Eagle Warrior
29:30 Plate Mail Armor
30:00 Blast Furnace
29:18 Arson
29:53 Man-at-Arms
30:18 Gambesons
30:41 Long Swordsman
31:58 Garland Wars
31:34 Two-Handed Swordsman
32:48 Conscription
33:59 Blast Furnace
35:27 Fletching
35:10 Champion
37:05 Elite Jaguar Warrior
40:18 Ballistics
41:00 Chemistry
39:56 Bodkin Arrow
43:56 Bracer
44:31 Treadmill Crane
45:01 Town Watch
50:42 Caravan
51:22 Pikeman
53:21 Siege Engineers
Domseros
8:12 Feudal Age
9:21 Double-Bit Axe
12:02 Castle Age
13:36 Wheelbarrow
14:15 Bow Saw
23:46 Imperial Age
21:36 Loom
24:05 Fletching
24:16 Padded Archer Armor
25:30 Chemistry
25:17 Gold Mining
25:41 Bodkin Arrow
26:02 Leather Archer Armor
27:19 Bracer
29:59 Ring Archer Armor
31:08 Forging
31:04 Scale Barding Armor
31:21 Town Watch
31:55 Light Cavalry
32:46 Bloodlines
33:31 Elite Skirmisher
35:37 Ballistics
39:26 Iron Casting
38:13 Hussar
39:34 Husbandry
40:10 Chain Barding Armor
49:13 Plate Barding Armor
50:50 Caravan
51:41 Conscription
53:28 Two-Man Saw
52:11 Horse Collar
55:20 Capped Ram
64:27 Blast Furnace
Connection lost

Rejoining the realm…

Still unreachable

The connection could not be restored.

Session expired

The server has moved on; the page needs a fresh start.